[Event "Early-Titled-Tuesday-Blitz-February-13-2024"]
[Site "Chess.com"]
[Date "2024.02.13"]
[Round "6"]
[White "Felix-Rose"]
[Black "EsmeraldasAnderson03"]
[Result "0-1"]
[WhiteElo "2224"]
[BlackElo "2398"]
[TimeControl "180+1"]
[EndTime "9:09:46 PST"]
[Termination "EsmeraldasAnderson03 won by resignation"]

1. e4 c5 2. Nf3 d6 3. d4 cxd4 4. Nxd4 Nf6 5. Nc3 a6 6. f3 e5 7. Nb3 Be6 8. Be3 Be7 9. Qd2 O-O 10. O-O-O b5 11. g4 Nbd7 12. g5 Nh5 13. Kb1 Nb6 14. Nd5 Bxd5 15. exd5 Qc7 16. Na5 Nxd5 17. Qxd5 Qxa5 18.
c4 Qc7 19. Rg1 g6 20. Rc1 b4 21. Bd3 Rab8 22. h4 Qb7 23. Be4 Qxd5 24. cxd5 Rfc8 25. Bd3 a5 26. Ba6 Rxc1+ 27. Rxc1 h6 28. Rc7 Bd8 29. Rd7 hxg5 30. hxg5 Bb6 31. Bd2 Bc5 32. b3 Ng3 33. Bd3 Ra8 34. a4 bxa3 35. Ka2 Bb4 36. Bc1 Rc8 37. Bxa3 Rc5 38. Bc4 Nf5 39. Bxb4 axb4 40. Rb7 Ne3 41. Rxb4 Nxd5 42. Rb8+ Kg7 43. Rd8 Nb4+ 44.
Ka3 Nc2+ 45. Kb2 Ne3 46. Rxd6 Nxc4+ 47. bxc4 Rxc4 48. Rd5 Rf4 49. Rxe5 Rxf3 50. Kc2 Rf5 51. Rxf5 gxf5 52. Kd3 Kg6 53. Ke3 Kxg5 54. Kf3 f4 55. Kf2 Kg4 56. Kf1 f3 57. Kf2 Kf4 58. Kf1 Kg3 59. Kg1 f2+ 60. Kf1 f6 0-1

[Event "Early-Titled-Tuesday-Blitz-February-13-2024"]
[Site "Chess.com"]
[Date "2024.02.13"]
[Round "6"]
[White "invisible_s0ul"]
[Black "Chessdude1987"]
[Result "0-1"]
[WhiteElo "2203"]
[BlackElo "2376"]
[TimeControl "180+1"]
[EndTime "9:09:46 PST"]
[Termination "Chessdude1987 won by resignation"]

1. e4 e6 2. d4 d5 3. Nc3 Nf6 4. e5 Nfd7 5. f4 c5 6. Nf3 Nc6 7. Be3 a6 8. Qd2 Qb6 9. Na4 Qb4 10. Nxc5 Nxc5 11. dxc5 Qxb2 12. Rd1 Qa3 13. Qf2 Qxa2 14.
Bd3 Nb4 15. O-O Nxd3 16. Rxd3 Bd7 17. Rb3 Bb5 18. Rfb1 Qa5 19. f5 exf5 20. Nd4 Bxc5 21. Nxf5 Bxe3 22. Nd6+ Kd7 23. Rxe3 Rhf8 24. Nxb7 Qb6 25.
Nd6 g6 26. c4 dxc4 27. Nxc4 Qd4 28. Nb2 Kc7 29. Rd1 Qb4 30. Qc2+ Kb7 31. Nd3 Bxd3 32. Rexd3 Qb6+ 33. Kh1 Rac8 34. Qf2 Qxf2 35. Rd7+ Rc7 0-1

[Event "Early-Titled-Tuesday-Blitz-February-13-2024"]
[Site "Chess.com"]
[Date "2024.02.13"]
[Round "6"]
[White "Pertinhez76"]
[Black "Gzucaritas"]
[Result "0-1"]
[WhiteElo "2155"]
[BlackElo "2086"]
[TimeControl "180+1"]
[EndTime "9:09:47 PST"]
[Termination "Gzucaritas won by checkmate"]

1. e4 e6 2. d4 d5 3. e5 c5 4. c3 Nc6 5. Nf3 Nh6 6. Be2 Nf5 7.
O-O h6 8. Re1 Be7 9. g4 Nh4 10.
Nxh4 Bxh4 11. Be3 cxd4 12. cxd4 O-O 13. Nc3 a6 14. Bd3 f6 15. f4 Bxe1 16. Qxe1 fxe5 17.
fxe5 Bd7 18. Rd1 Qe7 19. Rd2 Rf3 20. Rg2 Raf8 21. Bf2 Rxd3 22. Ne2 Qg5 23. h4 Qd2 24. g5 Qxe1+ 25. Bxe1 Rd1 26. Kh2 Rxe1 27. gxh6 Rf7 28. Ng3 Nxd4 29. Nh5 Nf3+ 30. Kg3 Rxe5 31. Nxg7 Kh7 32.
Kg4 Kxh6 33. Nh5 Rxh5 34. Kh3 e5+ 35. Kg3 Rhf5 36. Kf2 Nxh4+ 37. Ke2 Nxg2 38. a4 Rf2+ 39. Kd3 R7f3# 0-1

[Event "Early-Titled-Tuesday-Blitz-February-13-2024"]
[Site "Chess.com"]
[Date "2024.02.13"]
[Round "6"]
[White "Kostya0705"]
[Black "ElephantChessGenius"]
[Result "1-0"]
[WhiteElo "2618"]
[BlackElo "2302"]
[TimeControl "180+1"]
[EndTime "9:09:48 PST"]
[Termination "Kostya0705 won by checkmate"]

1. e4 c5 2. Nf3 Nc6 3. Nc3 g6 4.
d4 cxd4 5. Nxd4 Bg7 6. Be3 Nf6 7.
Bc4 O-O 8. Bb3 Re8 9. f3 d5 10. exd5 Nb4 11. Nde2 e6 12. Qd2 Nbxd5 13. Nxd5 exd5 14.
O-O-O a5 15. a4 Bd7 16. Bd4 Bc6 17. Kb1 Qd7 18. h4 Bxa4 19. Bxa4 Qxa4 20. h5 Qc4 21.
Nc3 b5 22. hxg6 hxg6 23. Bxf6 Bxf6 24. Nxd5 Bg7 25. Qg5 Re2 26. Rd2 Rxd2 27. Qxd2 Re8 28. Qg5 Qd4 29. c3 Qd3+ 30. Ka1 Qf5 31. Ne7+ Rxe7 32.
Qxe7 Bf6 33. Qe8+ Kg7 34. Qh8# 1-0

[Event "Early-Titled-Tuesday-Blitz-February-13-2024"]
[Site "Chess.com"]
[Date "2024.02.13"]
[Round "6"]
[White "Alenzer"]
[Black "Zq1"]
[Result "0-1"]
[WhiteElo "2139"]
[BlackElo "2483"]
[TimeControl "180+1"]
[EndTime "9:09:50 PST"]
[Termination "Zq1 won by checkmate"]

1. e4 c5 2. Nf3 d6 3. c3 Nf6 4.
h3 g6 5. Bd3 Bg7 6. Bc2 e5 7.
O-O Nc6 8. Re1 O-O 9. d4 exd4 10. cxd4 cxd4 11. Nxd4 Nxd4 12. Qxd4 Be6 13. Bg5 h6 14. Bh4 g5 15. Bg3 Nh5 16. Qxd6 Nxg3 17. Qxg3 Bxb2 18. Nc3 Qf6 19. e5 Qf4 20. Qd3 Bf5 21.
Ne4 Bxa1 22. Nf6+ Kh8 23. Qxf5 Qxf5 24. Bxf5 Bc3 25. Re3 Bd4 26. Re4 Bb6 27. Nd7 Rfe8 28. Nf6 Red8 29. e6 fxe6 30. Bxe6 Rd1+ 31. Kh2 Bxf2 32.
Ng4 Bc5 33. Nxh6 Bd6+ 34. g3 Rd2+ 35. Kg1 Bxg3 36. Nf7+ Kg7 37. Nxg5 Rf8 38. Rg4 Bh2+ 39. Kh1 Rf1+ 40. Rg1 Rxg1# 0-1

[Event "Early-Titled-Tuesday-Blitz-February-13-2024"]
[Site "Chess.com"]
[Date "2024.02.13"]
[Round "6"]
[White "TigrVShlyape"]
[Black "HansOnTwitch"]
[Result "0-1"]
[WhiteElo "2863"]
[BlackElo "3162"]
[TimeControl "180+1"]
[EndTime "9:09:52 PST"]
[Termination "HansOnTwitch won on time"]

1. d4 Nf6 2. Bf4 d5 3. e3 e6 4. Nf3 Bd6 5. Bxd6 cxd6 6. c4 dxc4 7. Bxc4 Bd7 8. O-O Bc6 9. Nc3 Qa5 10. d5 exd5 11. Be2 O-O 12. a3 Qd8 13. b4 b6 14.
Nd4 Bb7 15. Rc1 Nbd7 16. Ncb5 Ne5 17. Nf5 Ne4 18. f3 a6 19. Nbd4 Nf6 20. Qe1 g6 21.
Qg3 Kh8 22. Nh6 b5 23. Ng4 Nc4 24. Qf4 Nxg4 25. fxg4 Qe7 26. Rc3 Rae8 27. Rf3 Qe5 28. Qh6 Qg7 29. Qxg7+ Kxg7 30. g5 Re5 31. Rg3 Rfe8 32.
Kf2 Bc8 33. h4 Bd7 34. Bf1 Re4 0-1

[Event "Early-Titled-Tuesday-Blitz-February-13-2024"]
[Site "Chess.com"]
[Date "2024.02.13"]
[Round "6"]
[White "CMmauricio"]
[Black "JeFumeDesClopes"]
[Result "0-1"]
[WhiteElo "2817"]
[BlackElo "2601"]
[TimeControl "180+1"]
[EndTime "9:09:52 PST"]
[Termination "JeFumeDesClopes won by resignation"]

1. d4 Nf6 2. e3 g6 3. f4 Bg7 4. Nf3 O-O 5. c3 c5 6. Bc4 cxd4 7. exd4 b6 8. O-O Bb7 9. Qe1 d5 10. Bd3 Ba6 11. Bxa6 Nxa6 12. Nbd2 e6 13. Ne5 Nc7 14. Rf3 Nce8 15. Rh3 Nd6 16. g4 Nfe4 17. Nxe4 Nxe4 18. g5 f6 19. gxf6 Bxf6 20. Ng4 Bg7 21. Nf2 Nf6 22.
Qxe6+ Kh8 23. Qe2 Re8 24. Qf1 Qd7 25. Nd3 Ne4 26. Be3 Rf8 27. Qg2 Rae8 28. Rf1 Qf5 29. Ne5 Bxe5 30. fxe5 Qxf1+ 31. Qxf1 Rxf1+ 32. Kxf1 b5 33. Rf3 Kg7 34. Ke2 a5 35. Kd3 a4 36. Bd2 h5 37. h4 Re7 38. b3 axb3 39. axb3 Ra7 40.
Bg5 Ra2 41. c4 bxc4+ 42. bxc4 Ra3+ 43. Ke2 Rxf3 44. Kxf3 Nxg5+ 45. hxg5 dxc4 46. d5 c3 47. Ke3 h4 48. e6 h3 49. d6 Kf8 50. Kd4 c2 51.
Ke5 c1=Q 52. Kf6 Qf4+ 53. Kxg6 Qxd6 0-1

[Event "Early-Titled-Tuesday-Blitz-February-13-2024"]
[Site "Chess.com"]
[Date "2024.02.13"]
[Round "6"]
[White "Mikhail_Golubev"]
[Black "ural58"]
[Result "0-1"]
[WhiteElo "2675"]
[BlackElo "2518"]
[TimeControl "180+1"]
[EndTime "9:09:52 PST"]
[Termination "ural58 won on time"]

1. e4 d5 2. exd5 Qxd5 3. Nc3 Qd6 4. Nf3 c6 5. d4 Bf5 6. g3 e6 7. Bg2 Nf6 8. O-O Be7 9. Bf4 Qd8 10. Re1 O-O 11. Qd2 Nbd7 12. Rad1 Nb6 13. Ne5 Nfd5 14. Nxd5 cxd5 15. g4 Bg6 16. Nxg6 hxg6 17. b3 Rc8 18. g5 Bd6 19. Bg3 Bxg3 20. hxg3 Qc7 21. Rc1 Qc3 22. Qf4 Nd7 23. Bf3 Qb2 24. c4 dxc4 25. bxc4 Qxa2 26.
c5 e5 27. Qg4 Qa4 28. Bxb7 Rxc5 29. Rcd1 Rc4 30. Kg2 Rxd4 31. Rxd4 Qxd4 32. Re4 Qd6 33. Qh3 f5 34. gxf6 Nxf6 35. Rh4 g5 36. Rh8+ Kf7 37. Rxf8+ Qxf8 38. Qf5 Qd6 39. Qxg5 a5 40. Qf5 a4 41.
Qc2 a3 42. Qb3+ Ke7 43. Bf3 Nd7 44. Bh5 g6 45. Bxg6 Qxg6 46. Qxa3+ Qd6 47. Qf3 Qf6 48. Qe4 Nc5 49. Qd5 Qd6 0-1

[Event "Early-Titled-Tuesday-Blitz-February-13-2024"]
[Site "Chess.com"]
[Date "2024.02.13"]
[Round "6"]
[White "DenizG123"]
[Black "ChessFanNM"]
[Result "0-1"]
[WhiteElo "2115"]
[BlackElo "2305"]
[TimeControl "180+1"]
[EndTime "9:09:53 PST"]
[Termination "ChessFanNM won by resignation"]

1. e4 c6 2. d4 d5 3. e5 Bf5 4. Nf3 e6 5. Be2 Nd7 6. O-O h6 7. a4 a6 8. a5 c5 9. c3 Bh7 10. dxc5 Bxc5 11. b4 Ba7 12. b5 axb5 13. Bxb5 Ne7 14. Qa4 Rc8 15. Ba3 Nc6 16. a6 bxa6 17.
Bxc6 Qc7 18. Qb4 Qd8 19. Ba4 Bc5 20. Qg4 O-O 21. Bxd7 Qxd7 22. Bxc5 Rxc5 23. Rc1 a5 24. Nbd2 Rfc8 25. Nb3 Rc4 26. Qg3 a4 27. Nbd4 Rxc3 28. Rxc3 Rxc3 29. h3 Be4 30. Qf4 a3 31. Qd2 Qc8 32.
Qa2 Qc5 33. Kh2 Bxf3 34. Nxf3 g5 35. Qe2 Rc2 36. Qe3 d4 37. Qxd4 Qa5 38. Qd8+ Qxd8 0-1

[Event "Early-Titled-Tuesday-Blitz-February-13-2024"]
[Site "Chess.com"]
[Date "2024.02.13"]
[Round "6"]
[White "kleinebeer98"]
[Black "Bigfish1995"]
[Result "1-0"]
[WhiteElo "2868"]
[BlackElo "3159"]
[TimeControl "180+1"]
[EndTime "9:09:54 PST"]
[Termination "kleinebeer98 won on time"]

1. e4 c6 2. d4 d5 3. f3 Qb6 4. Nc3 dxe4 5. Bc4 Nf6 6. fxe4 e5 7. dxe5 Ng4 8. Qe2 Nxe5 9. Bb3 Bg4 10. Nf3 Nbd7 11.
Bd2 O-O-O 12. O-O-O Be7 13. Kb1 Qc7 14. Qf1 Rhf8 15. h3 Be6 16. Bf4 Bxb3 17. cxb3 f6 18. Nd4 Nc5 19. b4 Rxd4 20. Rxd4 Ne6 21. Rd1 Bxb4 22.
Rc1 Nxf4 23. Qxf4 Bxc3 24. Rxc3 Rd8 25. Rhc1 h6 26. Qe3 Rd6 27. Qxa7 Qb8 28. Qe3 Qc7 29.
Ra3 Kd7 30. Qb3 Qc8 31. Ra7 Kc7 32. Qa3 Rd3 33. Qa5+ Kd6 34. Ra8 Qc7 35. Qc5+ Ke6 36. Qf8 Rd7 37. Re8+ Re7 38. Qg8+ Kd6 39. Rd8+ Nd7 40.
Rd1+ Ke5 41. Re8 Nc5 42. Qxg7 1-0

[Event "Early-Titled-Tuesday-Blitz-February-13-2024"]
[Site "Chess.com"]
[Date "2024.02.13"]
[Round "6"]
[White "carloseduar100"]
[Black "kleopl"]
[Result "0-1"]
[WhiteElo "2348"]
[BlackElo "2530"]
[TimeControl "180+1"]
[EndTime "9:09:54 PST"]
[Termination "kleopl won by resignation"]

1. d4 Nf6 2. Bg5 c5 3. d5 Ne4 4. h4 Qb6 5. Nd2 Nxd2 6. Bxd2 Qxb2 7. e4 g6 8. Rb1 Qe5 9. Bd3 Bg7 10. Nf3 Qc7 11.
Qe2 h5 12. e5 a6 13. e6 dxe6 14. dxe6 Bxe6 15. Bxg6 Bg4 16. Be4 Nc6 17. O-O Rd8 18. Be3 f5 19. Bxc6+ Qxc6 20. Rfd1 Rxd1+ 21. Rxd1 Bf6 22. Bg5 Bxg5 23. hxg5 Rg8 24. Re1 Rg7 25. Qe5 Kf8 26.
Nh4 Qd6 27. Nxf5 Qxe5 28. Rxe5 Rxg5 29. Rxe7 Bxf5 30. Rxb7 Bxc2 31. Ra7 Bd3 32. Rc7 c4 33. Kh2 Ke8 34. f4 Rf5 35. Kg3 Kd8 36. Rc6 a5 37.
Kf3 Kd7 38. Ra6 c3 39. Rxa5 Rxa5 0-1

[Event "Early-Titled-Tuesday-Blitz-February-13-2024"]
[Site "Chess.com"]
[Date "2024.02.13"]
[Round "6"]
[White "Inepton_Fermion"]
[Black "VeraVujovic"]
[Result "1-0"]
[WhiteElo "2410"]
[BlackElo "2237"]
[TimeControl "180+1"]
[EndTime "9:09:54 PST"]
[Termination "Inepton_Fermion won on time"]

1. e4 c6 2. d4 d5 3. exd5 cxd5 4. c3 Nc6 5. Nf3 Nf6 6. h3 Bf5 7. Bd3 Bg6 8. Bf4 e6 9. O-O Bd6 10.
Bxd6 Qxd6 11. Re1 O-O 12. Bxg6 hxg6 13. a4 Ne4 14. Nbd2 f5 15. Nb3 g5 16. Nh2 Nxf2 17. Kxf2 Qxh2 18. Rxe6 g4 19. Qd3 Rae8 20. Rae1 Rxe6 21. Rxe6 f4 22. Ke1 1-0

[Event "Early-Titled-Tuesday-Blitz-February-13-2024"]
[Site "Chess.com"]
[Date "2024.02.13"]
[Round "6"]
[White "PedroGil25"]
[Black "SlavenPastar"]
[Result "1-0"]
[WhiteElo "2438"]
[BlackElo "2602"]
[TimeControl "180+1"]
[EndTime "9:09:55 PST"]
[Termination "PedroGil25 won by resignation"]

1. e4 b6 2. d4 Bb7 3. Bd3 Nf6 4. Qe2 e6 5. Nf3 d5 6. Nbd2 dxe4 7. Nxe4 Nbd7 8.
O-O Be7 9. Re1 O-O 10. c3 h6 11. Bf4 Rc8 12. Rad1 Nxe4 13. Bxe4 Bxe4 14. Qxe4 Nf6 15.
Qc2 Qd5 16. Qa4 b5 17. Qxa7 Bd6 18. Bxd6 cxd6 19. a3 Ra8 20. Qc7 Rfc8 21. Qe7 Qc6 22. d5 Nxd5 23. Qh4 Nf6 24. Qd4 Rd8 25. h3 Ra4 26.
Qd3 Rc4 27. Nd4 Qc5 28. Rc1 Rc8 29. Rcd1 Qb6 30. Re3 Nd5 31. Rg3 Nf4 32. Qf3 g5 33.
Qxf4 e5 34. Qf6 exd4 35. Qxh6 R4c5 36. Rxd4 Rf5 37. Rxg5+ Rxg5 38. Qxg5+ Kf8 39. Qh6+ Ke7 40. Re4+ Kd7 41. Qf6 1-0

[Event "Early-Titled-Tuesday-Blitz-February-13-2024"]
[Site "Chess.com"]
[Date "2024.02.13"]
[Round "6"]
[White "Jamal-Jamal-Jamal"]
[Black "MikeSailer"]
[Result "0-1"]
[WhiteElo "2304"]
[BlackElo "2183"]
[TimeControl "180+1"]
[EndTime "9:09:56 PST"]
[Termination "MikeSailer won by resignation"]

1. e4 d5 2. exd5 Qxd5 3. Nc3 Qd6 4. Nb5 Qb6 5. d4 c6 6. Na3 Nf6 7. Nf3 Bg4 8. Be2 e6 9. Nc4 Qc7 10. O-O b5 11. Nce5 Bxf3 12. Bxf3 Bd6 13. Qe2 O-O 14. Bg5 Nd5 15. Bxd5 cxd5 16. Bh4 Nd7 17. Bg3 Nxe5 18. dxe5 Bc5 19. c3 Rab8 20. Rfd1 a5 21. a3 Rfc8 22. h4 Qb6 23. h5 h6 24. Qg4 b4 25. axb4 axb4 26. Bh4 bxc3 27. bxc3 Bf8 28. Rd3 Rc4 29. Qg3 Qb2 30. Re1 Rb3 31. Ree3 Qc1+ 32. Kh2 Rb1 33. Qf3 Rxh4+ 34. Kg3 Rc4 35. Qe2 Bc5 36. Rf3 Qg5+ 37. Kh2 Rh4+ 38. Rh3 Rxh3+ 39. Rxh3 Qf4+ 40. Rg3 Bxf2 41. Qf3 Qxg3+ 42. Qxg3 Bxg3+ 43. Kxg3 Rb3 44. Kf4 Rxc3 45.
g4 Rc4+ 0-1

[Event "Early-Titled-Tuesday-Blitz-February-13-2024"]
[Site "Chess.com"]
[Date "2024.02.13"]
[Round "6"]
[White "JaackCamel"]
[Black "EvgenyBurmakin"]
[Result "1-0"]
[WhiteElo "2211"]
[BlackElo "2377"]
[TimeControl "180+1"]
[EndTime "9:09:56 PST"]
[Termination "JaackCamel won by resignation"]

1. d4 Nf6 2. c4 g6 3. Nc3 Bg7 4.
e4 d6 5. Nf3 O-O 6. Be2 e5 7.
Be3 Nc6 8. d5 Ne7 9. Nd2 Ne8 10.
b4 f5 11. f3 Nf6 12. c5 Nh5 13. g3 f4 14. Bf2 fxg3 15. hxg3 Bd7 16. cxd6 cxd6 17. Nc4 Nc8 18. a4 Qg5 19. Rg1 Rf7 20. Ra3 Bf8 21. Be3 Qf6 22. Qd2 Qg7 23. Kd1 h6 24. Kc2 g5 25. Raa1 Qg6 26. Kb3 g4 27. f4 exf4 28. gxf4 Bg7 29. f5 Qf6 30. Bxg4 b5 31.
axb5 Rb8 32. Bxh5 Re7 33. Rg6 Qf8 34. Rag1 Bxb5 35. Bd4 Bxc4+ 36. Kxc4 Nb6+ 37. Kb3 Reb7 38. Rxg7+ Rxg7 39. Rxg7+ Qxg7 40. Bxg7 Kxg7 41. Qg2+ 1-0

[Event "Early-Titled-Tuesday-Blitz-February-13-2024"]
[Site "Chess.com"]
[Date "2024.02.13"]
[Round "6"]
[White "Vaibhavraut99"]
[Black "Sychev_Klementy"]
[Result "0-1"]
[WhiteElo "2684"]
[BlackElo "2912"]
[TimeControl "180+1"]
[EndTime "9:09:57 PST"]
[Termination "Sychev_Klementy won by resignation"]

1. Nf3 Nf6 2. g3 g6 3. Bg2 Bg7 4. O-O O-O 5. c4 b6 6. Nc3 Bb7 7. d4 Ne4 8. Bd2 d6 9. Qc2 Nxd2 10. Qxd2 Nd7 11. a4 a5 12. Rad1 e6 13. e3 Qe7 14.
Nb5 Rac8 15. Na7 Rce8 16. Nh4 Bxg2 17. Nxg2 f5 18. Nb5 Nf6 19. f3 g5 20. Nc3 Qf7 21. f4 h6 22. Qd3 Qh5 23. Rd2 Rf7 24. Ne1 Kh8 25. Nf3 Rg8 26. Kh1 Bf8 27. Qe2 gxf4 28. gxf4 Rfg7 29. Ne1 Qh3 30. Rc2 Ng4 31. Nf3 Nxe3 32.
Qxe3 Qxf1+ 0-1

[Event "Early-Titled-Tuesday-Blitz-February-13-2024"]
[Site "Chess.com"]
[Date "2024.02.13"]
[Round "6"]
[White "WhiteKnight2612"]
[Black "maicolbenavides"]
[Result "1-0"]
[WhiteElo "2876"]
[BlackElo "2533"]
[TimeControl "180+1"]
[EndTime "9:09:59 PST"]
[Termination "WhiteKnight2612 won on time"]

1. d4 Nf6 2. c4 c5 3. d5 b5 4. cxb5 a6 5. e3 axb5 6. Bxb5 Qa5+ 7. Nc3 Ba6 8. Bxa6 Qxa6 9. Nge2 d6 10. O-O g6 11. e4 Bg7 12. a4 O-O 13. Ra3 Qc4 14.
Qc2 Na6 15. b3 Nb4 16. Qb1 Qd3 17. Qxd3 Nxd3 18. Bd2 Rfb8 19. f3 Nd7 20. Rb1 Rb7 21.
Kf1 Rab8 22. a5 Ra8 23. Rba1 Nb4 24. Ra4 Ne5 25. f4 Ned3 26. g3 Nc2 27. R1a2 Ndb4 28.
a6 Rba7 29. Nb5 Rxa6 30. Nc7 Nxa2 31. Nxa8 Rxa4 32. bxa4 Nab4 33. Nc7 Kf8 34. a5 Na3 35. a6 1-0

[Event "Early-Titled-Tuesday-Blitz-February-13-2024"]
[Site "Chess.com"]
[Date "2024.02.13"]
[Round "6"]
[White "ErikRonka"]
[Black "karinachess1"]
[Result "1-0"]
[WhiteElo "2541"]
[BlackElo "2668"]
[TimeControl "180+1"]
[EndTime "9:09:59 PST"]
[Termination "ErikRonka won on time"]

1. e4 e5 2. Nf3 Nc6 3. Bb5 Nf6 4. O-O Nxe4 5. Re1 Nd6 6. Nxe5 Nxe5 7. Rxe5+ Be7 8. Bf1 O-O 9. d4 Ne8 10. d5 d6 11. Re1 Bf6 12. Nd2 g6 13. Ne4 Bg7 14.
Bg5 f6 15. Bd2 c6 16. Bc3 c5 17. Bc4 Bd7 18. a4 f5 19. Bxg7 Nxg7 20. Nxd6 Qb6 21.
Nb5 Bxb5 22. axb5 Rad8 23. Qf3 Rd7 24. Qa3 Ra8 25. Re2 Qd6 26. Rae1 b6 27. Qh3 Rf8 28. Qh4 f4 29. Re6 Nxe6 30. Rxe6 Qb8 31. Qg5 Rg7 32. h3 Qd8 33. Qe5 f3 34. d6 Rgf7 35. Re7 1-0

[Event "Early-Titled-Tuesday-Blitz-February-13-2024"]
[Site "Chess.com"]
[Date "2024.02.13"]
[Round "6"]
[White "SkinnyPuppy8"]
[Black "KhazhatulyAlikhan"]
[Result "0-1"]
[WhiteElo "2233"]
[BlackElo "2410"]
[TimeControl "180+1"]
[EndTime "9:09:59 PST"]
[Termination "KhazhatulyAlikhan won on time"]

1. e4 c5 2. Nf3 e6 3. d3 d5 4. Nbd2 Nf6 5. g3 Be7 6. Bg2 O-O 7. O-O Nc6 8. e5 Nd7 9. Re1 Qc7 10. Qe2 b6 11. h4 Bb7 12. Nf1 Nd4 13. Nxd4 cxd4 14. Bf4 Rac8 15. Rec1 a5 16. Nh2 b5 17. a4 b4 18. b3 Qb6 19. Qg4 Kh8 20. h5 f5 21.
exf6 Bxf6 22. Bh3 e5 23. Bg5 Rc7 24. h6 g6 25. Re1 e4 26. Bf4 Ne5 27. Rac1 Nxg4 28. Bxc7 Qxc7 29. Nxg4 Bg5 30. Rcd1 Qxc2 31. dxe4 dxe4 32. Rxd4 e3 33. f4 Qc3 34. Rdd1 e2 35.
Rxe2 Qxg3+ 0-1

[Event "Early-Titled-Tuesday-Blitz-February-13-2024"]
[Site "Chess.com"]
[Date "2024.02.13"]
[Round "6"]
[White "AryanTari"]
[Black "FairChess_on_YouTube"]
[Result "0-1"]
[WhiteElo "2931"]
[BlackElo "3086"]
[TimeControl "180+1"]
[EndTime "9:10:00 PST"]
[Termination "FairChess_on_YouTube won on time"]

1. e4 c5 2. Nf3 e6 3. d4 cxd4 4. Nxd4 Nc6 5. Bf4 Qf6 6. Be3 a6 7. Be2 Bc5 8. c3 Nge7 9. O-O d6 10. b4 Bxd4 11. cxd4 O-O 12. Nd2 Nxd4 13. Nc4 Nec6 14. Nb6 Rb8 15. Rc1 e5 16. Nd5 Qd8 17. a4 Be6 18. b5 axb5 19. axb5 Nxe2+ 20. Qxe2 Bxd5 21. exd5 Ne7 22. Rfd1 Qd7 23. h3 Rfc8 24. Ra1 h6 25. Ra7 Rc3 26. Qb2 Rbc8 27. b6 Nf5 28. Ra8 Kh7 29.
Rxc8 Qxc8 30. Bd2 Rc2 31. Qb1 Qc4 32. Bb4 g6 33. Ba3 Qe2 34. Rf1 Ne3 0-1

[Event "Early-Titled-Tuesday-Blitz-February-13-2024"]
[Site "Chess.com"]
[Date "2024.02.13"]
[Round "6"]
[White "ilushka"]
[Black "iwanyu"]
[Result "0-1"]
[WhiteElo "2481"]
[BlackElo "2875"]
[TimeControl "180+1"]
[EndTime "9:10:02 PST"]
[Termination "iwanyu won by resignation"]

1. Nf3 Nf6 2. g3 c5 3. Bg2 Nc6 4. c4 g6 5. b3 Bg7 6. Bb2 d6 7. d4 cxd4 8. Nxd4 Bd7 9. Nc2 Qc8 10. O-O Bh3 11. Nc3 h5 12. f3 Bxg2 13. Kxg2 h4 14.
Rh1 Ne5 15. Ne3 h3+ 16. Kf2 Qc5 17. Qd2 Bh6 18. f4 Nfg4+ 19. Ke1 Nxe3 20. Nd5 Nxd5 21. Qxd5 Qb4+ 22. Kf1 Ng4 23. Qf3 Nf6 24. g4 Bg7 25. f5 g5 26. Rd1 Kf8 27. Qe3 Nh7 28. Bxg7+ Kxg7 29. Qxe7 Nf6 30. Qxd6 Qxd6 31. Rxd6 Rad8 32. Rxd8 Rxd8 33. Kf2 Nxg4+ 34. Kg3 Rd4 35. Kxh3 Nf2+ 0-1

[Event "Early-Titled-Tuesday-Blitz-February-13-2024"]
[Site "Chess.com"]
[Date "2024.02.13"]
[Round "6"]
[White "db-banana"]
[Black "Mariia89"]
[Result "1-0"]
[WhiteElo "2489"]
[BlackElo "2194"]
[TimeControl "180+1"]
[EndTime "9:10:02 PST"]
[Termination "db-banana won by resignation"]

1. e4 c6 2. d4 d5 3. Nc3 dxe4 4.
Nxe4 Nf6 5. Nxf6+ exf6 6. c3 Be7 7. Bd3 Na6 8. Qc2 g6 9. Ne2 Nc7 10. h4 Nd5 11. h5 f5 12. hxg6 fxg6 13. Bd2 Be6 14.
O-O-O Qa5 15. a3 Qc7 16. c4 Nf6 17. Bf4 Qb6 18. Be5 O-O-O 19. Nf4 Bf7 20. Bxf5+ Nd7 21. Bxd7+ Kxd7 22. Bxh8 Rxh8 23. Nd3 Kc8 24. Rhe1 Bg5+ 25. Kb1 Rd8 26. d5 cxd5 27. Ne5 Bg8 28. cxd5+ Kb8 29. d6 Be6 30. Nc4 Qa6 31. Rxe6 Rc8 32. d7 Rxc4 33.
Rxa6 Rxc2 34. Kxc2 bxa6 35. d8=Q+ Bxd8 36. Rxd8+ Kc7 37. Rh8 1-0

[Event "Early-Titled-Tuesday-Blitz-February-13-2024"]
[Site "Chess.com"]
[Date "2024.02.13"]
[Round "6"]
[White "Semetey"]
[Black "Der_Balak_3Halak"]
[Result "1-0"]
[WhiteElo "2644"]
[BlackElo "2446"]
[TimeControl "180+1"]
[EndTime "9:10:04 PST"]
[Termination "Semetey won by resignation"]

1. e4 c5 2. Nf3 Nc6 3. d4 cxd4 4. Nxd4 g6 5. Nc3 Bg7 6. Nb3 Nf6 7. Be3 O-O 8. Be2 a6 9. a4 d6 10. O-O Be6 11. Nd4 Bd7 12. h3 Rc8 13. f4 e5 14.
Nf3 Re8 15. Qxd6 exf4 16. Qxf4 Nb4 17. Bd3 Rxc3 18. bxc3 Nbd5 19. exd5 Nxd5 20. Qd6 Nxe3 21. Rfe1 Bxc3 22. Rab1 Bxe1 23. Rxe1 Nf5 24. Bxf5 Bxf5 25. Rxe8+ Qxe8 26. Nd4 Qe3+ 27. Kh2 Be4 28. Qb8+ Kg7 29.
Qe5+ Kg8 30. a5 h5 31. Qe8+ Kg7 32. Qe5+ Kh7 33. Qf6 Bd5 34. Nf3 Qe6 35. Ng5+ Kg8 36. Nxe6 Bxe6 37. Qd8+ Kg7 38. Qd4+ Kg8 39. Qe4 Bf5 40.
Qxb7 Bd3 41. cxd3 1-0

[Event "Early-Titled-Tuesday-Blitz-February-13-2024"]
[Site "Chess.com"]
[Date "2024.02.13"]
[Round "6"]
[White "esrosenberg"]
[Black "GlavkonVVS"]
[Result "1-0"]
[WhiteElo "2426"]
[BlackElo "2581"]
[TimeControl "180+1"]
[EndTime "9:10:04 PST"]
[Termination "esrosenberg won by checkmate"]

1. d4 Nf6 2. Bg5 c5 3. Bxf6 gxf6 4. d5 Qb6 5. Nf3 Qxb2 6. Nbd2 Qc3 7. Rb1 f5 8. e3 Bg7 9. Bd3 d6 10. O-O O-O 11. Rb3 Qf6 12. e4 f4 13. c4 a6 14. a4 b5 15. cxb5 axb5 16. axb5 Nd7 17. Nc4 Ne5 18. Nfxe5 dxe5 19. b6 Ba6 20. b7 Rab8 21. Rb6 Bxc4 22. Rxf6 Bxd3 23. Rb6 Bxe4 24. f3 Bf5 25. d6 Rfd8 26. Qd5 exd6 27. Rxd6 Rxd6 28.
Qxd6 Rxb7 29. Qd8+ Bf8 30. Ra1 Rd7 31. Qg5+ Bg6 32.
Ra8 Kg7 33. Qxe5+ f6 34. Qb8 Rf7 35. Qxf4 h5 36. h4 Rb7 37. Rb8 Rd7 38. Qa4 Rc7 39. Qa8 Bd6 40. Rg8+ Kh7 41. Rh8+ Kg7 42. Qg8# 1-0

[Event "Early-Titled-Tuesday-Blitz-February-13-2024"]
[Site "Chess.com"]
[Date "2024.02.13"]
[Round "6"]
[White "SashaKuzhilniy"]
[Black "agvania123"]
[Result "1-0"]
[WhiteElo "2595"]
[BlackElo "2391"]
[TimeControl "180+1"]
[EndTime "9:10:05 PST"]
[Termination "SashaKuzhilniy won by resignation"]

1. d4 Nf6 2. c4 g6 3. Nf3 Bg7 4. e3 O-O 5. Be2 d5 6. cxd5 Nxd5 7. e4 Nf6 8. Nc3 c5 9. d5 e6 10. d6 a6 11. O-O Nc6 12. Be3 b6 13. Qd2 Ne8 14.
Rad1 Nd4 15. Nxd4 cxd4 16. Bxd4 Qxd6 17. Bxg7 Qxd2 18. Rxd2 Kxg7 19. Rfd1 b5 20. f4 Bb7 21. Bf3 Rc8 22. Rd7 Bc6 23. Ra7 b4 24. Ne2 Nf6 25. Nd4 Bxe4 26. Nxe6+ Kg8 27. Nxf8 Bxf3 28. gxf3 Kxf8 29.
Rxa6 Nh5 30. f5 Nf4 31. f6 Nh3+ 32. Kg2 Nf4+ 33. Kg3 g5 34. Rd7 h5 35. h4 Ng6 36.
hxg5 h4+ 37. Kg4 Rc4+ 38. Kh5 Nf4+ 39. Kh6 1-0

[Event "Early-Titled-Tuesday-Blitz-February-13-2024"]
[Site "Chess.com"]
[Date "2024.02.13"]
[Round "6"]
[White "Kotlyar_K"]
[Black "omer1997"]
[Result "0-1"]
[WhiteElo "2539"]
[BlackElo "2434"]
[TimeControl "180+1"]
[EndTime "9:10:06 PST"]
[Termination "omer1997 won by checkmate"]

1. e4 e5 2. Nf3 Nf6 3. Nxe5 d6 4.
Nf3 Nxe4 5. Bd3 Nc5 6. Bc4 d5 7. Bb3 Be7 8. O-O O-O 9. d4 Nxb3 10. axb3 a6 11. Be3 Bg4 12. Nbd2 Nd7 13. c4 c6 14. Qc2 Bh5 15. Rfe1 Bg6 16. Qc1 Re8 17. Nf1 Qb6 18.
Qd1 Bb4 19. Re2 Bh5 20. Rc2 Bf8 21. Rc3 Nf6 22. Ng3 Bg6 23. c5 Qc7 24. Ne5 Ne4 25.
Rcc1 Nxg3 26. hxg3 Bf5 27. Bf4 Qc8 28. Qd2 f6 29.
Nf3 Qd7 30. Nh4 Bg4 31. f3 Bh5 32. g4 Bf7 33. Nf5 h5 34. Bd6 hxg4 35. fxg4 Re4 36. Re1 Rxg4 37. Bxf8 Qxf5 38. Bd6 Re4 39. Rf1 Qg4 40.
Rad1 Re2 41. Rf4 Qxg2# 0-1